 Dungeon Crawl Stone Soup version 0.28-a0-1080-g05a166d0ed (webtiles) character file.

Game seed: 3379137151797065917

114 ragingrage the Cudgeller (level 4, -4/26 HPs)
             Began as a Gargoyle Warper on Dec 9, 2021.
             Slain by a worm (8 damage)
             ... on level 3 of the Dungeon.
             The game lasted 00:03:05 (2968 turns).

ragingrage the Cudgeller (Gargoyle Warper)          Turns: 2968, Time: 00:03:05

Health: -4/26      AC:  6    Str: 14    XL:     4   Next: 98%
Magic:  1/7        EV: 11    Int: 14    God:
Gold:   79         SH:  0    Dex: 11    Spells: 4/7 levels left

rFire   . . .      SeeInvis .   a - +0 mace
rCold   . . .      Faith    .   (no shield)
rNeg    + . .      Spirit   .   b - +0 leather armour
rPois   ∞          Reflect  .   (no helmet)
rElec   +          Harm     .   (no cloak)
rCorr   .          Rampage  .   (no gloves)
Will    .....                   (no boots)
Stlth   +.........              (no amulet)
HPRegen 0.08/turn               (no ring)
MPRegen 0.10/turn               (no ring)

@: no status effects
A: sickness immunity, AC +3, negative energy resistance 1, electricity
resistance, torment resistance 1, petrification resistance
a: no special abilities


You were on level 3 of the Dungeon.
You visited 1 branch of the dungeon, and saw 3 of its levels.

You collected 79 gold pieces.

Inventory:

Hand Weapons
 a - a +0 mace (weapon)
Missiles
 d - 5 boomerangs of dispersal (quivered)
Armour
 b - a +0 leather armour (worn)
Scrolls
 c - 2 scrolls of blinking
 g - 2 scrolls of noise {unknown}
 h - a scroll of identify {unknown}
 i - a scroll of immolation {unknown}
Potions
 e - a potion of cancellation {unknown}
 f - a potion of might {unknown}
 j - a potion of mutation {unknown}
 k - a potion of curing {unknown}
 m - a potion of degeneration {unknown}


   Skills:
 - Level 2.1 Fighting
 * Level 5.0 Maces & Flails
 - Level 0.8 Throwing
 - Level 1.1 Armour
 - Level 1.5 Dodging
 - Level 2.0 Spellcasting
 - Level 2.6 Translocations


You had 4 spell levels left.
You knew the following spells:

 Your Spells              Type           Power      Damage    Failure   Level
a - Blink                 Tloc           16%        N/A       14%         2
b - Magic Dart            Conj           4%         1d3       28%         1

Your spell library contained the following spells:

 Spells                   Type           Power      Damage    Failure   Level
 Sandblast                Erth           2%         2d4       28%         1
 Gell's Gravitas          Tloc           8%         N/A       28%         3
 Lesser Beckoning         Tloc           8%         N/A       28%         3
 Teleport Other           Tloc           8%         N/A       28%         3
 Call Imp                 Summ           1%         N/A       41%         2
 Passwall                 Tmut/Erth      0%         N/A       41%         2
 Mephitic Cloud           Conj/Pois/Air  1%         N/A       65%         3
 Stone Arrow              Conj/Erth      2%         3d7       65%         3
 Manifold Assault         Tloc           8%         N/A       95%         5


Dungeon Overview and Level Annotations

Branches:
Dungeon (3/15)

Altars:
Yredelemnul

Shops:
D:1 =   D:3 (

Annotations:
D:3 1 runed translucent door, Crazy Yiuf


Innate Abilities, Weirdness & Mutations

You are immune to sickness and miasma.
Your stone body is resilient. (AC +3)
You are immune to poison.
You resist negative energy. (rN+)
You are resistant to electric shocks. (rElec)
You are resistant to unholy torment.
You are immune to petrification.


Message History

The magic dart hits the worm.
The worm is heavily wounded.
Unknown command.
Throw: 5 darts (poison)
Press: ? - help, Q - select action, (/) - cycle Shift-Dir - straight line, f/p - worm
Aim: a worm (heavily wounded, 76% to hit)
You throw a poisoned dart. The poisoned dart hits the worm.
The worm is heavily wounded.
Throw: 4 darts (poison)
Press: ? - help, Q - select action, (/) - cycle Shift-Dir - straight line, f/p - worm
Aim: a worm (moderately wounded, 76% to hit)
You throw a poisoned dart.
The poisoned dart barely misses the worm.
Throw: 3 darts (poison)
Press: ? - help, Q - select action, (/) - cycle Shift-Dir - straight line, f/p - worm
Aim: a worm (moderately wounded, 76% to hit)
You throw a poisoned dart. The poisoned dart hits the worm.
The worm is poisoned.
The worm is moderately wounded.
The worm looks more healthy.
Casting: Magic Dart (safe; 28% risk of failure)
Confirm with . or Enter, or press ? or * to list all spells.
You don't have enough magic to cast this spell.
Unknown command.
Throw: 2 darts (poison)
Press: ? - help, Q - select action, (/) - cycle Shift-Dir - straight line, f/p - worm
Aim: a worm (moderately wounded, 76% to hit)
You throw a poisoned dart. The poisoned dart hits the worm.
The worm is poisoned.
The worm is moderately wounded.
Throw: dart (poison)
Press: ? - help, Q - select action, (/) - cycle Shift-Dir - straight line, f/p - worm
Aim: a worm (moderately wounded, poisoned, 76% to hit)
You throw a poisoned dart. The poisoned dart hits the worm.
The worm is moderately wounded.
The worm misses you.
You hit the worm but do no damage.
The worm is moderately wounded.
The worm bites you!
You die...

###############
#...@w(.(..(..#
#.###########.#
#(# #.# #(#
#######.#######
#(#
#..............
#(#
##.#####.#####.#
..####.#.## #.#
.......###.###.#
........###....#


You could see a worm (poisoned).

Vanquished Creatures
  Natasha (twice) (D:3)
  3 adders (D:3)
  A gnoll (D:2)
  A dart slug (D:1)
  An orc (D:3)
  3 giant cockroaches
  A hobgoblin (D:1)
  2 jackals (D:1)
  2 quokkas (D:1)
  4 ball pythons
  2 bats (D:1)
  2 goblins
  4 kobolds
  A rat (D:1)
29 creatures vanquished.

Notes
Turn   | Place    | Note
-------+----------+-------------------------------------------
     0 | D:1      | ragingrage the Gargoyle Warper began the quest for the Orb.
     0 | D:1      | Reached XP level 1. HP: 12/12 MP: 3/3
   381 | D:1      | Found a faded altar of an unknown god.
   502 | D:1      | Reached XP level 2. HP: 10/17 MP: 5/5
   800 | D:1      | Reached skill level 3 in Maces & Flails
  1165 | D:1      | Found Fymeab's Jewellery Shoppe.
  1304 | D:1      | Learned a level 2 spell: Blink
  1306 | D:1      | Learned a level 1 spell: Magic Dart
  1505 | D:2      | Reached XP level 3. HP: 20/21 MP: 2/6
  1771 | D:2      | Found a basalt altar of Yredelemnul.
  1995 | D:3      | Found a basalt altar of Yredelemnul.
  2025 | D:3      | Reached skill level 4 in Maces & Flails
  2433 | D:3      | Noticed Natasha
  2440 | D:3      | Killed Natasha
  2441 | D:3      | Reached XP level 4. HP: 14/26 MP: 7/7
  2584 | D:3      | Found Gavat's Antique Weapon Boutique.
  2736 | D:3      | Found a runed translucent door.
  2737 | D:3      | Noticed Crazy Yiuf
  2884 | D:3      | Noticed Natasha
  2900 | D:3      | Killed Natasha
  2901 | D:3      | Reached skill level 5 in Maces & Flails
  2968 | D:3      | Slain by a worm

Illustrated notes

Levels and vault maps discovered:
D:1:      lordsloth_arrival_two_stooges, layout_basic,
          hellmonk_ecumenical_altar_crossroads, serial_shops,
          nicolae_lakefront_shop, hex_tiny, minmay_misc_feat_columns
D:2:      layout_basic, basic_altar, minmay_liquid_box, minmay_tromino_v2
D:3:      layout_loops_ring, mainiacjoe_overflow_alcove_2,
          nicolae_ru_awakened_eye, serial_shops, nicolae_lakefront_shop, shop,
          nicolae_diamond_shop, uniq_crazy_yiuf_cottage, uniq_natasha

Skill      XL: |  1  2  3  4 |
---------------+-------------+-----
Maces & Flails | 3 4 5 |  5.0
Fighting       | |  2.1
Throwing       | |  0.8
Armour         | |  1.1
Dodging        | |  1.5
Spellcasting   | |  2.0
Translocations | |  2.6

Action                   |  1- 3 |  4- 6 || total
-------------------------+-------+-------++-------
Melee: Mace              |   110 |    30 ||   140
Throw: Dart              |     4 |    10 ||    14
 Cast: Magic Dart        |    18 |     7 ||    25
Armor: Leather armour    |    73 |     9 ||    82
Dodge: Dodged            |    95 |    22 ||   117

Table legend: (Time is in decaauts)
 A = Elapsed time spent in this place.
 B = Non-inter-level travel time spent in this place.
 C = Inter-level travel time spent in this place.
 D = Time resting spent in this place.
 E = Time spent auto-exploring this place.
 F = Levels seen in this place.
 G = Mean time per level.
                   A        B        C        D        E       F      G
               +--------+--------+--------+--------+--------+-----+--------+
         Total |   3016 |   2891 |    125 |   1014 |   1427 |   3 | 1005.3 |
       Dungeon |   3016 |   2891 |    125 |   1014 |   1427 |   3 | 1005.3 |
               +--------+--------+--------+--------+--------+-----+--------+

Top non-repeatable levels by time:
     D:1: 1605 daAuts
     D:3: 1177 daAuts
     D:2: 234 daAuts
